AoeStats
← bobozius

Arena

506680728Analyzed
1v1 RM · 17d ago on Sep 14, 2026· 54m 0s· 2 players
Game mode
Random Map
Map size
Tiny (2 player)
Population
200
Speed
Normal
Resources
Standard
Victory
Conquest
Starting age
Dark Age
Ending age
Imperial Age
RankedLock teamsTeams togetherTeam positionsShared explorationLock speedFull tech treeHidden civsTurbo modeCheats
Victory
Defeat
🇹🇷 Turks · Türkiye
563
+14
🇩🇪 Vietnamese · Germany
528
-14
bobozius
12:40 Feudal Age
13:13 Double-Bit Axe
13:11 Horse Collar
14:58 Wheelbarrow
19:29 Castle Age
18:17 Gold Mining
19:23 Stone Mining
22:48 Hand Cart
23:24 Elite Skirmisher
29:20 Padded Archer Armor
29:11 Fletching
29:32 Forging
29:22 Scale Mail Armor
32:35 Stone Shaft Mining
36:14 Bodkin Arrow
36:34 Leather Archer Armor
37:33 Chain Mail Armor
38:39 Bow Saw
40:34 Heavy Plow
44:10 Imperial Age
43:15 Iron Casting
42:46 Scale Barding Armor
45:23 Paper Money
44:42 Elite Rattan Archer
45:34 Husbandry
46:44 Bracer
48:29 Imperial Skirmisher
50:22 Fortified Wall
49:52 Treadmill Crane
52:16 Cavalier
54:10 Two-Man Saw
53:43 Crop Rotation
54:24 Chemistry
53:39 Light Cavalry
musatios
12:02 Feudal Age
13:53 Double-Bit Axe
18:07 Castle Age
16:42 Stone Mining
19:25 Loom
26:02 Wheelbarrow
27:41 Padded Archer Armor
27:47 Scale Barding Armor
29:07 Bow Saw
32:13 Bloodlines
32:04 Husbandry
37:52 Gold Mining
41:57 Gold Shaft Mining
41:45 Chain Barding Armor
41:36 Forging
41:42 Leather Archer Armor
41:17 Fletching
42:44 Scale Mail Armor
43:11 Hand Cart
44:51 Iron Casting
46:59 Imperial Age
45:11 Iron Casting
44:36 Scale Mail Armor
45:58 Ballistics
52:06 Elite Janissary
Connection lost

Rejoining the realm…

Still unreachable

The connection could not be restored.

Session expired

The server has moved on; the page needs a fresh start.